 Dungeon Crawl Stone Soup version 0.23.0 (webtiles) character file.

Game seed: 16624392625102787398

1716 Hylith the Cleaver (level 8, -8/71 HPs)
             Began as a Minotaur Fighter on Feb 8, 2019.
             Was a Follower of Okawaru.
             Killed by divine providence
             ... invoked by an orc priest
              (14 damage)
             ... on level 6 of the Dungeon.
             The game lasted 00:09:29 (4211 turns).

Hylith the Cleaver (Minotaur Fighter)               Turns: 4211, Time: 00:09:31

Health: -8/71      AC: 18    Str: 23    XL:     8   Next: 74%
Magic:  7/7        EV:  5    Int:  5    God:    Okawaru [*.....]
Gold:   339        SH: 10    Dex: 10    Spells: 7/7 levels left

rFire    + . .     SeeInvis .   u - +0 war axe
rCold    x . .     Gourm    .   c - +0 shield
rNeg     . . .     Faith    .   b - +3 plate armour
rPois    .         Spirit   .   (helmet restricted)
rElec    .         Reflect  .   o - +0 cloak
rCorr    .         Harm     .   x - +0 pair of gloves
MR       .....                  (no boots)
Stlth    ..........             (no amulet)
HPRegen  0.21/turn              r - ring of fire
MPRegen  0.10/turn              (no ring)

@: no status effects
A: retaliatory headbutt, horns 2
a: Heroism, Renounce Religion


You were on level 6 of the Dungeon.
You worshipped Okawaru.
Okawaru was aware of your devotion.
You were not hungry.

You visited 1 branch of the dungeon, and saw 6 of its levels.

You collected 339 gold pieces.

Inventory:

Hand Weapons
 u - a +0 war axe (weapon)
Armour
 b - a +3 plate armour (worn)
 c - a +0 shield (worn)
 o - a +0 cloak (worn)
 x - a +0 pair of gloves (worn)
Jewellery
 r - a ring of fire (left hand)
Wands
 v - a wand of disintegration (10)
Scrolls
 a - 4 scrolls of amnesia {unknown}
 e - 10 scrolls of identify {unknown}
 g - 3 scrolls of teleportation {unknown}
 h - 3 scrolls of magic mapping {unknown}
 i - 9 scrolls of remove curse {unknown}
 n - a scroll of immolation {unknown}
 q - a scroll of enchant armour {unknown}
 w - a scroll of fog {unknown}
 y - a scroll of holy word {unknown}
Potions
 d - a potion of might
 j - 2 potions of haste
 k - 4 potions of degeneration {unknown}
 l - 2 potions of curing {unknown}
 m - a potion of magic {unknown}
 p - 2 potions of heal wounds {unknown}
 s - a potion of invisibility {unknown}
 t - a potion of resistance {unknown}
 A - a potion of lignification {unknown}
Comestibles
 f - 10 rations


   Skills:
 * Level 6.6 Fighting
 * Level 10.2 Axes
 + Level 5.8 Armour
 + Level 6.3 Shields


You had 7 spell levels left.
You didn't know any spells.
Your spell library was empty.

Dungeon Overview and Level Annotations

Branches:
Dungeon (6/15)
 Temple: D:4-7

Altars:
Ashenzari
Dithmenos
Elyvilon
Makhleb
Nemelex Xobeh
Okawaru
Qazlal
Uskayaw
Vehumet
Xom
Zin
The Shining One

Shops:
D:5 (


Innate Abilities, Weirdness & Mutations

You reflexively headbutt those who attack you in melee.
You have a pair of horns on your head.


Message History

The orc priest hits you but does no damage.
You block the orc priest's attack.
You closely miss something. You closely miss the orc priest.
You barely miss the orc priest.
You hear some strange, mumbled words.
A magic dart appears from out of thin air!
The magic dart hits you.
* * * LOW HITPOINT WARNING * * *
Something hits you but does no damage.
The orc priest hits you but does no damage.
The orc priest calls upon Beogh to heal the orc priest.
The orc priest is healed somewhat.
You hit the orc priest.
The orc priest is moderately wounded.
Your plate armour prevents you from hitting something.
You closely miss the orc priest. Something hits you but does no damage.
The orc priest hits you but does no damage.
The orc priest mumbles some strange prayers to Beogh against you.
Beogh smites you!
You die...

..# #....#.## ..#
#.#..#.. ..# #......
..# .....# ..# #.#..#
#.# ##....#########
..### #.......#.....#
....####.)#.##.#.{...#
..........#....o@o...#
....####.)####.#.o.:.#
######.......#.#.....#
# #.#))....>####### #
###.####### # #.≈# #
#.≈.###≈.≈##.# #..#.#
...≈≈⌠. #⌠...≈ ##≈#.#≈


You could see 2 orc priests and an orc.

Vanquished Creatures
  Eustachio (D:6)
  Edmund (D:4)
  A black bear (D:6)
  2 ogres
  A centaur (D:5)
  A bullfrog (D:6)
  A gnoll sergeant (D:5)
  2 howler monkeys
  3 crimson imps
  A centaur skeleton (D:5)
  An orc priest (D:4)
  2 hounds
  4 iguanas
  Terence (D:3)
  10 worker ants
  An orc wizard (D:5)
  A hound skeleton (D:4)
  3 gnolls (D:5)
  12 adders
  An adder skeleton (D:5)
  6 worms
  A dart slug (D:3)
  4 leopard geckos
  17 orcs
  3 ball pythons
  6 giant cockroaches
  5 goblins
  9 hobgoblins
  2 jackals (D:3)
  7 kobolds
  2 quokkas
  6 bats
  7 frilled lizards
  A jackal skeleton (D:4)
  9 rats
135 creatures vanquished.

Notes
Turn   | Place    | Note
-------+----------+-------------------------------------------
     0 | D:1      | Hylith the Minotaur Fighter began the quest for the Orb.
     0 | D:1      | Reached XP level 1. HP: 19/19 MP: 0/0
   251 | D:1      | Reached XP level 2. HP: 27/27 MP: 1/1
   829 | D:2      | Reached skill level 3 in Axes
   829 | D:2      | Reached XP level 3. HP: 33/33 MP: 2/2
   888 | D:2      | Found a stormy altar of Qazlal.
   949 | D:2      | Found a faded altar of an unknown god.
  1127 | D:2      | Found a shadowy altar of Dithmenos.
  1242 | D:2      | Reached XP level 4. HP: 39/40 MP: 3/3
  1518 | D:3      | Found a white marble altar of Elyvilon.
  1525 | D:3      | Reached skill level 4 in Axes
  1616 | D:3      | Found a radiant altar of Vehumet.
  1617 | D:3      | Found a burning altar of Makhleb.
  1668 | D:3      | Reached XP level 5. HP: 47/47 MP: 4/4
  1950 | D:3      | Reached skill level 5 in Axes
  2134 | D:3      | Noticed Terence
  2139 | D:3      | Killed Terence
  2206 | D:4      | Noticed Edmund
  2207 | D:4      | Reached XP level 6. HP: 49/53 MP: 5/5
  2207 | D:4      | Reached skill level 6 in Axes
  2226 | D:4      | Killed Edmund
  2226 | D:4      | Reached skill level 5 in Fighting
  2226 | D:4      | Reached skill level 5 in Shields
  2348 | D:4      | Reached XP level 7. HP: 61/61 MP: 6/6
  2386 | D:4      | Reached skill level 7 in Axes
  2493 | D:4      | Found a shattered altar of Ashenzari.
  2811 | D:5      | Entered Level 5 of the Dungeon
  2909 | D:5      | Reached skill level 8 in Axes
  3009 | D:5      | Found an iron altar of Okawaru.
  3017 | D:5      | Became a worshipper of Warmaster Okawaru
  3168 | D:5      | Reached skill level 5 in Armour
  3220 | D:5      | Reached XP level 8. HP: 69/70 MP: 7/7
  3289 | D:5      | Reached skill level 9 in Axes
  3469 | D:5      | Found Ysohad's Weapon Shop.
  3926 | D:6      | Found a shimmering altar of Xom.
  3931 | D:6      | Reached * piety under Okawaru
  3955 | D:6      | Found a hide-covered altar of Uskayaw.
  3956 | D:6      | Noticed Eustachio
  3957 | D:6      | Found a glowing golden altar of the Shining One.
  3957 | D:6      | Found a glowing silver altar of Zin.
  3957 | D:6      | Found a sparkling altar of Nemelex Xobeh.
  3990 | D:6      | Killed Eustachio
  3993 | D:6      | Found a white marble altar of Elyvilon.
  4045 | D:6      | Reached skill level 10 in Axes
  4211 | D:6      | Killed from afar by an orc priest

Skill      XL: |  1  2  3  4  5  6  7  8 |
---------------+-------------------------+-----
Fighting       | 4 5 6 |  6.6
Armour         | 4 5 |  5.8
Axes           | 3 4 5 6 8 10 | 10.2
Shields        | 4 5 6 |  6.3

Action                   |  1- 3 |  4- 6 |  7- 9 || total
-------------------------+-------+-------+-------++-------
Melee: War axe           |    75 |   179 |   184 ||   438
       Headbutt          |    13 |    28 |    35 ||    76
  Eat: Chunk             |     1 |     4 |     6 ||    11
Armor: Scale mail        |    16 |       |       ||    16
       Plate armour      |    13 |   104 |   139 ||   256
Dodge: Dodged            |    16 |    31 |    32 ||    79
Block: Shield            |    30 |    90 |   113 ||   233
